3AAA
VERMONT LAKE MONSTERS @ MILTON DOGFISH HEAD
07/01/2043
 
TOP OF THE 1ST
Vermont Lake Monsters batting - Pitching for Milton Dogfish Head : LHP Nick Hayes
Pitching: LHP Nick Hayes
Batting: SHB Enrique Martínez 0-0: Ball
1-0: Swinging Strike
1-1: Swinging Strike
1-2: Strikes out swinging
Batting: RHB Archie Pittman 0-0: Ball
1-0: Called Strike
1-1: Foul Ball, location: 2F
1-2: Ball
2-2: Fly out, F9 (Flyball, 9LMF, EV 103.8 MPH)
Batting: RHB Tim Hendricks 0-0: Ball
1-0: Ball
2-0: Called Strike
2-1: Foul Ball, location: 2F
2-2: SINGLE (Groundball, 4MD, EV 97.5 MPH)
Batting: RHB Dragoljub Kandic 0-0: 2-RUN HOME RUN (Line Drive, 7LD, EV 95.6 MPH), Distance : 375 ft
Batting: RHB Barton Ryan 0-0: Reached on error, E5 (Groundball, 56, EV 109.4 MPH)
Batting: LHB Jiro Miyake 0-0: Foul Ball, location: 2F
0-1: Ball
1-1: Foul Ball, location: 2F
1-2: Foul Ball, location: 2F
1-2: Ground out 4-3 (Groundball, 34, EV 104.4 MPH)
Top of the 1st over - 2 runs, 2 hits, 1 error, 1 left on base; Vermont 2 - Milton 0
BOTTOM OF THE 1ST
Milton Dogfish Head batting - Pitching for Vermont Lake Monsters : RHP Marvin Stevens
Pitching: RHP Marvin Stevens
Batting: RHB Tikaroa Hakapuna 0-0: Ball
1-0: Called Strike
1-1: SINGLE (Groundball, 6MD, EV 97.5 MPH)
Batting: RHB Rafael Riquelme 0-0: Called Strike
0-1: Ball
1-1: Ball
2-1: Ball
3-1: Fielders Choice at 2nd, 4-6 (Groundball, 4, EV 81.9 MPH)
Batting: RHB Bobby Norris 0-0: Called Strike
0-1: Ball
Rafael Riquelme is caught stealing 2nd base 2-4
1-1: Called Strike
1-2: SINGLE (Line Drive, 9S, EV 89.4 MPH)
Batting: RHB Lawrence O'Neal 0-0: Ball
1-0: Ball
2-0: Called Strike
2-1: Ground out 4-3 (Groundball, 34, EV 76.9 MPH)
Bottom of the 1st over - 0 runs, 2 hits, 0 errors, 1 left on base; Vermont 2 - Milton 0
TOP OF THE 2ND
Vermont Lake Monsters batting - Pitching for Milton Dogfish Head : LHP Nick Hayes
Batting: RHB Meshach Ashpenaz 0-0: Called Strike
0-1: Hit by Pitch
Batting: RHB António Andrés 0-0: Called Strike
0-1: Ball
1-1: Called Strike
1-2: Strikes out looking
Batting: RHB Gonzalo Perales 0-0: Ball
Meshach Ashpenaz steals 2nd base
1-0: SINGLE (Line Drive, 7LS, EV 105.6 MPH)
Meshach Ashpenaz to third
Runner from 3rd tries for Home, SAFE, throw by LF to home
Batting: SHB Enrique Martínez 0-0: Called Strike
0-1: Ball
1-1: Ball
2-1: Foul Ball, location: 2F
2-2: Strikes out swinging
Batting: RHB Archie Pittman 0-0: Ball
1-0: Ball
2-0: SINGLE (Line Drive, 8RS, EV 87.5 MPH)
Gonzalo Perales to second
Runner from 2nd tries for 3rd, OUT! 8-5
Top of the 2nd over - 1 run, 2 hits, 0 errors, 1 left on base; Vermont 3 - Milton 0
BOTTOM OF THE 2ND
Milton Dogfish Head batting - Pitching for Vermont Lake Monsters : RHP Marvin Stevens
Batting: LHB Obidiah Lewis 0-0: Ball
1-0: SOLO HOME RUN (Flyball, 9D, EV 111.9 MPH), Distance : 397 ft
Batting: RHB Dusan Kontic 0-0: Ball
1-0: Foul Ball, location: 2F
1-1: Ball
2-1: Ball
3-1: Foul Ball, location: 2F
3-2: Foul Ball, location: 2F
3-2: Base on Balls
Batting: RHB Cédric Causse 0-0: Grounds into double play, 6-4-3 (Groundball, 6M, EV 85.0 MPH)
Batting: SHB Christian Cole 0-0: Fly out, F9 (Flyball, 9LM, EV 93.8 MPH)
Bottom of the 2nd over - 1 run, 1 hit, 0 errors, 0 left on base; Vermont 3 - Milton 1
TOP OF THE 3RD
Vermont Lake Monsters batting - Pitching for Milton Dogfish Head : LHP Nick Hayes
Batting: RHB Tim Hendricks 0-0: Called Strike
0-1: Fly out, F8 (Flyball, 8RD, EV 103.8 MPH)
Batting: RHB Dragoljub Kandic 0-0: Ball
1-0: Fly out, F6 (Popup, 6MS, EV 63.8 MPH)
Batting: RHB Barton Ryan 0-0: SINGLE (Groundball, 15S, EV 73.8 MPH) (infield hit)
Batting: LHB Jiro Miyake 0-0: Foul Ball, location: 2F
0-1: Ground out 6-3 (Groundball, 6M, EV 86.2 MPH)
Top of the 3rd over - 0 runs, 1 hit, 0 errors, 1 left on base; Vermont 3 - Milton 1
BOTTOM OF THE 3RD
Milton Dogfish Head batting - Pitching for Vermont Lake Monsters : RHP Marvin Stevens
Batting: RHB Hyeon-cheong Kim 0-0: SINGLE (Flyball, 9S, EV 96.2 MPH)
Batting: RHB Tikaroa Hakapuna 0-0: Ball
1-0: TRIPLE (Line Drive, 89XD, EV 103.1 MPH)
Hyeon-cheong Kim scores
Batting: RHB Rafael Riquelme 0-0: Ball
1-0: Ground out 4-3 (Groundball, 4S, EV 64.4 MPH)
Tikaroa Hakapuna scores
Batting: RHB Bobby Norris 0-0: Swinging Strike
0-1: Ball
1-1: SINGLE (Groundball, 34D, EV 98.8 MPH)
Batting: RHB Lawrence O'Neal 0-0: Foul Ball, location: 2F
0-1: Ball
1-1: Foul Ball, location: 2F
1-2: Foul Ball, location: 2F
1-2: Ball
2-2: Ball
3-2: Fly out, F4 (Popup, 34D, EV 59.4 MPH)
Batting: LHB Obidiah Lewis 0-0: Foul Ball, location: 2F
0-1: Ball
1-1: Ball
2-1: Called Strike
2-2: Ball
3-2: Fly out, F8 (Flyball, 8RM, EV 85.0 MPH)
Bottom of the 3rd over - 2 runs, 3 hits, 0 errors, 1 left on base; Vermont 3 - Milton 3
TOP OF THE 4TH
Vermont Lake Monsters batting - Pitching for Milton Dogfish Head : LHP Nick Hayes
Batting: RHB Meshach Ashpenaz 0-0: Ball
1-0: Fly out, F8 (Flyball, 89M, EV 90.0 MPH)
Batting: RHB António Andrés 0-0: Ball
1-0: Ball
2-0: Ball
3-0: Foul Ball, location: 2F
3-1: Foul Ball, location: 2F
3-2: SINGLE (Groundball, 6MD, EV 99.4 MPH)
Batting: RHB Gonzalo Perales 0-0: Called Strike
0-1: Swinging Strike
0-2: Ball
1-2: Foul Ball, location: 2F
1-2: TRIPLE (Flyball, 9LD, EV 110.0 MPH)
António Andrés scores
Batting: SHB Enrique Martínez 0-0: Fly out, F8 (Flyball, 8LXD, EV 100.6 MPH)
Runner from 3rd tags up, SCORES, no throw by CF
Batting: RHB Archie Pittman 0-0: Ball
1-0: Ball
2-0: Called Strike
2-1: Foul Ball, location: 2F
2-2: Fly out, F7 (Flyball, 7, EV 88.8 MPH)
Top of the 4th over - 2 runs, 2 hits, 0 errors, 0 left on base; Vermont 5 - Milton 3
BOTTOM OF THE 4TH
Milton Dogfish Head batting - Pitching for Vermont Lake Monsters : RHP Marvin Stevens
Batting: RHB Dusan Kontic 0-0: Ball
1-0: Called Strike
1-1: Foul Ball, location: 2F
1-2: Fly out, F9 (Flyball, 9LM, EV 93.8 MPH)
Batting: RHB Cédric Causse 0-0: Ground out 5-3 (Groundball, 56, EV 86.9 MPH)
Batting: SHB Christian Cole 0-0: Foul Ball, location: 2F
0-1: Fly out, F6 (Popup, 6D, EV 75.0 MPH)
Bottom of the 4th over - 0 runs, 0 hits, 0 errors, 0 left on base; Vermont 5 - Milton 3
TOP OF THE 5TH
Vermont Lake Monsters batting - Pitching for Milton Dogfish Head : LHP Nick Hayes
Batting: RHB Tim Hendricks 0-0: Ball
1-0: Ball
2-0: SINGLE (Flyball, 8LS, EV 87.5 MPH)
Batting: RHB Dragoljub Kandic 0-0: Fly out, F9 (Line Drive, 9D, EV 96.9 MPH)
Batting: RHB Barton Ryan 0-0: Fly out, F4 (Popup, 34, EV 73.1 MPH)
Batting: LHB Jiro Miyake 0-0: Called Strike
0-1: Foul Ball, location: 2F
0-2: Strikes out swinging
Top of the 5th over - 0 runs, 1 hit, 0 errors, 1 left on base; Vermont 5 - Milton 3
BOTTOM OF THE 5TH
Milton Dogfish Head batting - Pitching for Vermont Lake Monsters : RHP Marvin Stevens
Batting: RHB Hyeon-cheong Kim 0-0: Ball
1-0: Ball
2-0: Called Strike
2-1: Foul Ball, location: 2F
2-2: SINGLE (Groundball, 34D, EV 105.6 MPH)
Batting: RHB Tikaroa Hakapuna 0-0: Fly out, F8 (Flyball, 8LD, EV 87.5 MPH)
Batting: RHB Rafael Riquelme 0-0: Ball
1-0: Called Strike
1-1: Fielders Choice at 2nd, 3-6 (Groundball, 34, EV 100.6 MPH)
Batting: RHB Bobby Norris 0-0: Called Strike
0-1: Ball
1-1: Ball
2-1: Ground out 6-3 (Groundball, 6D, EV 104.4 MPH)
Bottom of the 5th over - 0 runs, 1 hit, 0 errors, 1 left on base; Vermont 5 - Milton 3
TOP OF THE 6TH
Vermont Lake Monsters batting - Pitching for Milton Dogfish Head : LHP Nick Hayes
Batting: RHB Meshach Ashpenaz 0-0: Ball
1-0: Ball
2-0: Called Strike
2-1: Foul Ball, location: 2F
2-2: Ball
3-2: Foul Ball, location: 2F
3-2: Base on Balls
Batting: RHB António Andrés 0-0: Ball
1-0: Called Strike
1-1: Ball
Meshach Ashpenaz steals 2nd base
2-1: Swinging Strike
2-2: Foul Ball, location: 2F
2-2: Ball
3-2: Strikes out swinging
Batting: RHB Gonzalo Perales 0-0: Ball
1-0: Called Strike
Meshach Ashpenaz steals 3rd base
1-1: Ball
Steal of home, Meshach Ashpenaz is out
2-1: Ball
3-1: SINGLE (Line Drive, 89S, EV 92.5 MPH)
Pitching: RHP António Morales
Batting: SHB Enrique Martínez Pickoff Throw to First - Error! E1
Gonzalo Perales to second
0-0: Called Strike
0-1: Foul Ball, location: 2F
0-2: Ball
1-2: Strikes out swinging
Top of the 6th over - 0 runs, 1 hit, 1 error, 1 left on base; Vermont 5 - Milton 3
BOTTOM OF THE 6TH
Milton Dogfish Head batting - Pitching for Vermont Lake Monsters : RHP Marvin Stevens
Batting: RHB Lawrence O'Neal 0-0: Ball
1-0: SINGLE (Groundball, 56D, EV 97.5 MPH)
Batting: LHB Obidiah Lewis 0-0: Grounds into double play, 4-6-3 (Groundball, 4, EV 110.6 MPH)
Batting: RHB Dusan Kontic 0-0: Ball
1-0: Ball
2-0: Called Strike
2-1: Ball
3-1: Swinging Strike
3-2: Base on Balls
Batting: RHB Cédric Causse 0-0: Ball
1-0: Ball
2-0: Called Strike
2-1: Ball
3-1: Foul Ball, location: 2F
3-2: Ground out 5-3 (Groundball, 56S, EV 65.6 MPH)
Bottom of the 6th over - 0 runs, 1 hit, 0 errors, 1 left on base; Vermont 5 - Milton 3
TOP OF THE 7TH
Vermont Lake Monsters batting - Pitching for Milton Dogfish Head : RHP António Morales
Batting: RHB Archie Pittman 0-0: Ball
1-0: DOUBLE (Groundball, 5L, EV 101.2 MPH)
Batting: RHB Tim Hendricks 0-0: Ground out 4-3 (Groundball, 4, EV 101.2 MPH)
Archie Pittman to third
Batting: RHB Dragoljub Kandic 0-0: Intentional Walk
Batting: RHB Barton Ryan 0-0: Ball
1-0: Swinging Strike
1-1: Swinging Strike
1-2: Strikes out swinging
Batting: LHB Jiro Miyake 0-0: Swinging Strike
0-1: Ball
1-1: Fly out, F7 (Line Drive, 7D, EV 95.0 MPH)
Top of the 7th over - 0 runs, 1 hit, 0 errors, 2 left on base; Vermont 5 - Milton 3
BOTTOM OF THE 7TH
Milton Dogfish Head batting - Pitching for Vermont Lake Monsters : RHP Marvin Stevens
Batting: SHB Christian Cole 0-0: Called Strike
0-1: Ball
1-1: Ball
2-1: Ball
3-1: Base on Balls
Batting: RHB Hyeon-cheong Kim 0-0: Sac Bunt to 25 - play at first, batter OUT! 5-3
Christian Cole to second
Batting: RHB Tikaroa Hakapuna 0-0: Ball
1-0: Ball
2-0: Swinging Strike
2-1: Foul Ball, location: 2F
2-2: Ball
3-2: Base on Balls
Pinch Hitting: LHB King Rutledge 0-0: Called Strike
0-1: Called Strike
0-2: Foul Ball, location: 2F
0-2: Ball
1-2: Foul Ball, location: 2F
1-2: Foul Ball, location: 2F
1-2: Ball
2-2: Strikes out looking
Batting: RHB Bobby Norris 0-0: Ball
1-0: Fly out, F8 (Line Drive, 8LD, EV 91.9 MPH)
Bottom of the 7th over - 0 runs, 0 hits, 0 errors, 2 left on base; Vermont 5 - Milton 3
TOP OF THE 8TH
Vermont Lake Monsters batting - Pitching for Milton Dogfish Head : RHP António Morales
Now at 2B: Tony Castellanos
Batting: RHB Meshach Ashpenaz 0-0: Ball
1-0: Fly out, F9 (Flyball, 9D, EV 90.6 MPH)
Batting: RHB António Andrés 0-0: Called Strike
0-1: Called Strike
0-2: Ball
1-2: Foul Ball, location: 2F
1-2: Foul Ball, location: 2F
1-2: Foul Ball, location: 2F
1-2: Ball
2-2: Foul Ball, location: 2F
2-2: Strikes out swinging
Batting: RHB Gonzalo Perales 0-0: Ball
1-0: Ground out 5-3 (Groundball, 56S, EV 74.4 MPH)
Top of the 8th over - 0 runs, 0 hits, 0 errors, 0 left on base; Vermont 5 - Milton 3
BOTTOM OF THE 8TH
Milton Dogfish Head batting - Pitching for Vermont Lake Monsters : RHP Marvin Stevens
Pitching: LHP Virgil Cook
Batting: RHB Lawrence O'Neal 0-0: Swinging Strike
0-1: Ball
1-1: Ball
2-1: Ball
3-1: Base on Balls
Batting: LHB Obidiah Lewis 0-0: Called Strike
0-1: Swinging Strike
0-2: Strikes out swinging
Batting: RHB Dusan Kontic 0-0: Called Strike
0-1: Swinging Strike
0-2: Foul Ball, location: 2F
0-2: Ball
1-2: Ball
2-2: Ground out 5-3 (Groundball, 56, EV 101.2 MPH)
Lawrence O'Neal to second
Batting: RHB Cédric Causse 0-0: Ball
1-0: Ball
2-0: Ball
3-0: Called Strike
3-1: Ground out 6-3 (Groundball, 6S, EV 70.0 MPH)
Bottom of the 8th over - 0 runs, 0 hits, 0 errors, 1 left on base; Vermont 5 - Milton 3
TOP OF THE 9TH
Vermont Lake Monsters batting - Pitching for Milton Dogfish Head : RHP António Morales
Batting: SHB Enrique Martínez 0-0: SINGLE (Line Drive, 8LS, EV 94.4 MPH)
Batting: RHB Archie Pittman 0-0: Ball
1-0: Called Strike
1-1: TRIPLE (Line Drive, 78XD, EV 109.4 MPH)
Enrique Martínez scores
Batting: RHB Tim Hendricks 0-0: Foul Ball, location: 2F
0-1: Ground out 5-3 (Groundball, 56, EV 85.0 MPH)
Archie Pittman scores
Batting: RHB Dragoljub Kandic 0-0: Swinging Strike
0-1: Ball
1-1: Ground out 6-3 (Groundball, 6, EV 88.1 MPH)
Batting: RHB Barton Ryan 0-0: Called Strike
0-1: Called Strike
0-2: Ball
1-2: Ball
2-2: Foul Ball, location: 2F
2-2: Foul Ball, location: 2F
2-2: Ball
3-2: Strikes out looking
Top of the 9th over - 2 runs, 2 hits, 0 errors, 0 left on base; Vermont 7 - Milton 3
BOTTOM OF THE 9TH
Milton Dogfish Head batting - Pitching for Vermont Lake Monsters : LHP Virgil Cook
Batting: SHB Christian Cole 0-0: Ball
1-0: Ball
2-0: Foul Ball, location: 2F
2-1: SINGLE (Groundball, 4D, EV 99.4 MPH)
Batting: RHB Hyeon-cheong Kim 0-0: Called Strike
0-1: Called Strike
0-2: Ball
1-2: Ball
2-2: Ball
3-2: Strikes out swinging
Christian Cole steals 2nd base
Batter strikes out.
Batting: RHB Tikaroa Hakapuna 0-0: Ball
1-0: Ball
2-0: Called Strike
2-1: Reached on error, E5 (Groundball, 5, EV 107.5 MPH)
Christian Cole to third
Batting: RHB Tony Castellanos 0-0: Ball
1-0: Ball
2-0: Called Strike
2-1: Called Strike
2-2: Foul Ball, location: 2F
2-2: TRIPLE (Groundball, 5L, EV 105.6 MPH)
Christian Cole scores
Tikaroa Hakapuna scores
Pitching: RHP Jason Huggins
Batting: RHB Bobby Norris 0-0: Ball
1-0: Foul Ball, location: 2F
1-1: Called Strike
1-2: Strikes out swinging
Batting: RHB Lawrence O'Neal 0-0: SINGLE (Groundball, 34D, EV 97.5 MPH)
Tony Castellanos scores
Batting: LHB Obidiah Lewis 0-0: SINGLE (Groundball, 4MD, EV 101.9 MPH)
Lawrence O'Neal to second
Pinch Runner at 2nd Arnie Taylor:
Batting: RHB Dusan Kontic 0-0: Ball
1-0: Called Strike
1-1: Ball
2-1: Swinging Strike
2-2: Strikes out swinging
Bottom of the 9th over - 3 runs, 4 hits, 1 error, 2 left on base; Vermont 7 - Milton 6
Thursday, June 17th, 2021 - OOTP Baseball 20.8 Build 74